 Dungeon Crawl Stone Soup version 0.30-a0-1018-g25214051b3 (webtiles) character file.

Game seed: 4224924239497552183

4 ytrimaz the Ducker (level 1, -1/13 HPs)
             Began as a Gnoll Wanderer on Apr 8, 2023.
             Slain by a gnoll
             ... wielding a +0 spear
              (3 damage)
             ... on level 1 of the Dungeon.
             The game lasted 00:00:27 (302 turns).

ytrimaz the Ducker (Gnoll Wanderer)                  Turns: 302, Time: 00:00:28

Health: -1/13      AC:  4    Str:  9    XL:     1   Next: 70%
Magic:  4/6        EV: 14    Int:  8    God:
Gold:   12         SH:  0    Dex: 16    Spells: 8/9 levels left

rFire   . . .      SeeInvis .    a - +2 spear
rCold   . . .      Faith    .    (no shield)
rNeg    . . .      Spirit   .    d - +0 leather armour
rPois   .          Reflect  .    (no helmet)
rElec   .          Rampage  .    (no cloak)
rCorr   .                        b - +0 pair of gloves
Will    .....                    (no boots)
Stlth   +                        (no amulet)
HPRegen 0.22/turn                (no ring)
MPRegen 0.10/turn                (no ring)

@: no status effects
A: fangs 1, strong nose, distributed training
a: no special abilities


You were on level 1 of the Dungeon.
You visited 1 branch of the dungeon, and saw 1 of its levels.

You collected 12 gold pieces.


Innate Abilities, Weirdness & Mutations

You have very sharp teeth.
Your uncanny sense of smell can sniff out nearby items.
Your experience applies equally to all skills.


   Skills:
 + Level 0.1 Fighting
 + Level 0.1 Short Blades
 + Level 0.1 Long Blades
 + Level 0.1 Axes
 + Level 0.1 Maces & Flails
 + Level 4.4 Polearms
 + Level 0.1 Staves
 + Level 0.1 Ranged Weapons
 + Level 0.1 Throwing
 + Level 2.4 Armour
 + Level 6.4 Dodging
 + Level 0.1 Stealth
 + Level 0.1 Shields
 + Level 0.1 Unarmed Combat
 + Level 4.9 Spellcasting
 + Level 0.1 Conjurations
 + Level 0.1 Hexes
 + Level 0.1 Summonings
 + Level 0.1 Necromancy
 + Level 0.1 Translocations
 + Level 2.0 Transmutations
 + Level 0.1 Fire Magic
 + Level 0.1 Ice Magic
 + Level 0.1 Air Magic
 + Level 0.1 Earth Magic
 + Level 0.1 Poison Magic
 + Level 0.2 Invocations
 + Level 2.4 Evocations


You had 8 spell levels left.
You knew the following spells:

 Your Spells              Type           Power      Damage    Failure   Level
a - Sting                 Tmut/Pois      12%        1d3       24%         1

Your spell library contained the following spells:

 Spells                   Type           Power      Damage    Failure   Level
 Ignite Poison            Fire/Tmut/Pois 3%         N/A       63%         3

Inventory:

Hand Weapons
 a - a +2 spear (weapon)
Armour
 b - a +0 pair of gloves (worn)
 d - a +0 leather armour (worn)
Scrolls
 c - a scroll of teleportation
 e - a scroll of immolation {unknown}
Potions
 f - 2 potions of curing {unknown}

Dungeon Overview and Level Annotations

Branches:
Dungeon (1/15) Zot: 5698

Altars:

∆ #. .. #. ... ## ∆ #.
.. #.
#.#+###+###.#.####
#........##.......
#.......#####.### .
#.†.....#####.#
....####.####........#
......g@.#
#.##########
##...lJ..# #.# ##.
........b# #.# #..
?....)...# #.#
######.. ..........
..###...###.
....#######
###.......## ....
#.........# ...
#.........'
#.........#


You could see a gnoll (poisoned), an endoplasm, a bat and a frilled lizard.


Message History

You take 1 damage, and now have 12/13 hp.
You lost 1 mp, and now have 5/6 mp.
Unknown command.
You hit the goblin.
You kill the goblin!
There is an open door here.
You see here a +0 club. 😎 HP[+1]
Your hp is fully restored (13).
Unknown command.
f - 2 orange potions (gained 1) Key pressed, stopping explore.
A ball python comes into view.
The ball python hisses angrily. 😎 MP[+1]
Your mp is fully restored (6).
A ball python is nearby!
A ball python is nearby!
The sting hits the ball python.
The ball python is poisoned.
You kill the ball python! 😎 MP[-1]
You lost 1 mp, and now have 5/6 mp.
Unknown command.
Key pressed, stopping explore.
Key pressed, stopping explore.
A hobgoblin comes into view.
The hobgoblin shouts! 😎 MP[+1]
Your mp is fully restored (6).
A hobgoblin is nearby!
A hobgoblin is nearby!
The sting hits the hobgoblin but does no damage.
The hobgoblin is poisoned. 😎 MP[-1]
You lost 1 mp, and now have 5/6 mp.
The hobgoblin hits you. 😕 HP[-1]
You take 1 damage, and now have 12/13 hp.
You hit the hobgoblin but do no damage. The hobgoblin closely misses you.
You hit the hobgoblin but do no damage.
The hobgoblin hits you but does no damage. 😎 HP[+1]
Your hp is fully restored (13).
You hit the hobgoblin.
You kill the hobgoblin!
Your Transmutations skill increases to level 2!
No target in view!
Unknown command.
A bat comes into view.
You see here a hobgoblin corpse.
A gnoll comes into view. It is wielding a +0 spear.
The gnoll shouts!
You hear an angry hiss.
The bat hits you.
A frilled lizard comes into view.
The gnoll misses you. 😕 HP[-1]
You take 1 damage, and now have 12/13 hp.
You hit the bat. The bat misses you. The gnoll barely misses you. 😎 HP[+1]
Your hp is fully restored (13).
You hit the gnoll. You closely miss the bat. The bat misses you.
The gnoll hits you with a +0 spear. 😮 HP[-6] MP[+1]
You take 6 damage, and now have 7/13 hp.
MASSIVE DAMAGE!! (PAUSE)
Your mp is fully restored (6).
You are too injured to fight recklessly!
You are too injured to fight recklessly!
Unknown command.
You are too injured to fight recklessly!
Aiming: Sting (safe; 24% risk of failure)
Press: ? - help, Q - select action Shift-Dir - straight line, f - gnoll
Aim: a gnoll, wielding a +0 spear (moderately wounded, 69% to hit)
The sting hits the gnoll but does no damage.
The gnoll is poisoned.
The bat misses you. The gnoll hits you with a +0 spear.
* * * LOW HITPOINT WARNING * * *
An endoplasm comes into view. 😱 HP[-6] MP[-1]
You take 6 damage, and now have 1/13 hp.
MASSIVE DAMAGE!! (PAUSE)
You lost 1 mp, and now have 5/6 mp.
Aiming: Sting (safe; 24% risk of failure)
Press: ? - help, Q - select action Shift-Dir - straight line, f/p - gnoll
Aim: a gnoll, wielding a +0 spear (moderately wounded, poisoned, 69% to hit)
The sting misses the gnoll.
The endoplasm quivers.
The bat hits you but does no damage.
The gnoll hits you but does no damage. 😱 MP[-1]
You lost 1 mp, and now have 4/6 mp.
Unknown command.
Unknown command.
You hit the gnoll. The bat closely misses you. x2
The gnoll barely misses you. 😱 HP[+1]
You hit the gnoll. The bat hits you but does no damage.
The endoplasm jiggles.
The gnoll hits you with a +0 spear.
You die...

Skill      XL: |  1 |
---------------+----+-----
Transmutations | 2 |  2.0
Fighting       | |  0.1
Short Blades   | |  0.1
Long Blades    | |  0.1
Axes           | |  0.1
Maces & Flails | |  0.1
Polearms       | |  4.4
Staves         | |  0.1
Ranged Weapons | |  0.1
Throwing       | |  0.1
Armour         | |  2.4
Dodging        | |  6.4
Stealth        | |  0.1
Shields        | |  0.1
Unarmed Combat | |  0.1
Spellcasting   | |  4.9
Conjurations   | |  0.1
Hexes          | |  0.1
Summonings     | |  0.1
Necromancy     | |  0.1
Translocations | |  0.1
Fire Magic     | |  0.1
Ice Magic      | |  0.1
Air Magic      | |  0.1
Earth Magic    | |  0.1
Poison Magic   | |  0.1
Invocations    | |  0.2
Evocations     | |  2.4

Action                     || total
---------------------------++-------
  Melee: Spear             ||    12
   Cast: Sting             ||     5
 Armour: Leather armour    ||     4
  Dodge: Dodged            ||    10

Levels and vault maps discovered:
D:1:      dpeg_arrival_three_bigger_balls, layout_basic

Notes
Turn   | Place    | Note
-------+----------+-------------------------------------------
     0 | D:1      | ytrimaz the Gnoll Wanderer began the quest for the Orb.
     0 | D:1      | ytrimaz set off with the following items: a +2 spear, a +0
                  | pair of gloves, a scroll of teleportation, a +0 leather
                  | armour; and the following spell memorised: Sting; and the
                  | following spells available to memorise: Ignite Poison.
     0 | D:1      | Reached XP level 1. HP: 13/13 MP: 6/6
     0 | D:1      | magus.rc [v1.9.6]
   293 | D:1      | Reached skill level 2 in Transmutations
   299 | D:1      | HP: 1/13 [gnoll/+0 spear (6)]
   302 | D:1      | Slain by a gnoll

Vanquished Creatures
  A ball python (D:1)
  A goblin (D:1)
  A hobgoblin (D:1)
  A kobold (D:1)
4 creatures vanquished.

Table legend:
 A = Non-vault XP
 B = Vault XP
 C = Vault XP percentage of total XP
 D = Non-vault monster count
 E = Vault monster count
 F = Vault count percentage of total count
                 A         B        C        D         E       F
            +---------+---------+-------+---------+---------+-------
      Total |       7 |       0 |   0.0 |       4 |       0 |   0.0
            +---------+---------+-------+---------+---------+-------
        D:1 |       7 |       0 |   0.0 |       4 |       0 |   0.0
            +---------+---------+-------+---------+---------+-------

Illustrated notes

Table legend:
 A = Kills in this place as a percentage of kills in the entire game.
 B = Kills by you in this place as a percentage of kills by you in the entire game.
 C = Kills by friends in this place as a percentage of kills by friends in the entire game.
 D = Other kills in this place as a percentage of other kills in the entire game.
 E = Experience gained in this place as a percentage of experience gained in the entire game.
 F = Experience gained in this place divided by the number of levels of this place that you have seen.
                   A       B       C       D       E      F
               +-------+-------+-------+-------+-------+----------------------
         Total | 100.0 | 100.0 |   N/A |   N/A | 100.0 |   7.0
       Dungeon | 100.0 | 100.0 |   N/A |   N/A | 100.0 |   7.0
               +-------+-------+-------+-------+-------+----------------------

Table legend: (Time is in decaauts)
 A = Elapsed time spent in this place.
 B = Non-inter-level travel time spent in this place.
 C = Inter-level travel time spent in this place.
 D = Time resting spent in this place.
 E = Time spent auto-exploring this place.
 F = Levels seen in this place.
 G = Mean time per level.
                   A        B        C        D        E       F      G
               +--------+--------+--------+--------+--------+-----+--------+
         Total |    300 |    300 |      0 |      0 |    265 |   1 |  300.0 |
       Dungeon |    300 |    300 |      0 |      0 |    265 |   1 |  300.0 |
               +--------+--------+--------+--------+--------+-----+--------+

Top non-repeatable levels by time:
     D:1: 300 daAuts
